cohdb
Replays
Latest Replays
All Replays
Popular Replays
Top Player Replays
Match Explorer
How It Works
Community
CoH3 Stats
Reddit
Sign in to upload your games and track your stats! →
Sign in with Steam
Match 41847673
Unlisted
Match 41847673
Overview
Messages
Build Orders
End
Panzergrenadier Squad
Panzergrenadier Squad
Selects Armored Support Battlegroup
250 Light Carrier
Construct Light Support Kompanie
Selects Superior Fire Drills
MG34 Team
Fire Support Elements
Panzerjäger Mechanized Group
Vehicle Survival Package
Construct Panzerarmee Kommand
Selects Flammpanzer III Medium Tank
Emergency Repair Kits
Tungsten Core Ammunition
Flammpanzer III Medium Tank
Tiger Mafia
!!!!!!!!!!!!
^3
DIV 250 BigBoss
0
0
Comments
sign in to comment!
No comments posted yet!